 Dungeon Crawl Stone Soup version 0.17.1-3-g152610e (webtiles) character file.

192 juanjsm the Sneak (level 5, 0/25 HPs)
             Began as a Spriggan Enchanter on Apr 20, 2016.
             Slain by a giant gecko (4 damage)
             ... in a sewer.
             The game lasted 00:11:36 (2399 turns).

juanjsm the Sneak (Spriggan Enchanter)              Turns: 2399, Time: 00:11:36

Health: 0/25       AC:  3    Str:  4    XL:     5   Next: 42%
Magic:  4/11       EV: 19    Int: 17    God:
Gold:   114        SH:  0    Dex: 17    Spells: 4 memorised, 2 levels left

rFire  . . .     SeeInvis +     a - +1 dagger
rCold  . . .     Clarity  .     b - +1 robe
rNeg   . . .     SustAt   .     (shield restricted)
rPois  .         Gourm    .     (helmet restricted)
rElec  .         Spirit   .     (no cloak)
rCorr  .         Warding  .     (gloves unavailable)
rMut   .         Stasis   .     (boots unavailable)
MR     .....                    (no amulet)
Stlth  ++........               (no ring)
                                (no ring)

@: very quick, not resistant to hostile enchantments, unstealthy
A: unfitting armour, see invisible, herbivore 3, speed 3, slow metabolism 2
a: no special abilities


You were in a sewer.
You were not hungry.

You visited 1 branch of the dungeon, and saw 3 of its levels.
You also visited: Sewer.

You collected 114 gold pieces.

Inventory:

Hand Weapons
 a - a +1 dagger (weapon)
 r - a +1 mace of protection
Armour
 b - a +1 robe (worn)
Jewellery
 n - an uncursed amulet of guardian spirit {unknown}
 o - an uncursed ring of positive energy {unknown}
Wands
 p - a wand of teleportation (7)
 q - a wand of draining (10)
Scrolls
 g - 3 scrolls of remove curse {unknown}
 k - 2 scrolls of recharging {unknown}
 l - a scroll of noise {unknown}
 m - a scroll of identify {unknown}
Potions
 e - a potion of cancellation {unknown}
 f - 2 potions of brilliance {unknown}
 h - a potion of curing {unknown}
 i - 2 potions of resistance {unknown}
 j - 2 potions of haste {unknown}
Books
 c - a book of Maledictions

   Spells                             Type                      Level
   a - Corona                         Hexes                        1
   b - Ensorcelled Hibernation        Hexes/Ice                    2
   c - Confuse                        Hexes                        3
   d - Tukima's Dance                 Hexes                        3
   e - Dazzling Spray                 Conjuration/Hexes            3
Comestibles
 d - 2 bread rations


   Skills:
 + Level 0.4 Fighting
 + Level 2.1 Short Blades
 + Level 3.8 Dodging
 + Level 6.7 Stealth
 + Level 3.9 Spellcasting
 + Level 4.1 Hexes
 + Level 1.0 Ice Magic


You had 2 spell levels left.
You knew the following spells:

 Your Spells              Type           Power        Failure   Level  Hunger
a - Corona                Hex            ###....      2%          1    None
b - Ensorcelled Hibernat  Hex/Ice        ##....       10%         2    ##.....
c - Confuse               Hex            ###.....     10%         3    ###....
d - Dazzling Spray        Conj/Hex       ##......     21%         3    ###....


Dungeon Overview and Level Annotations

Branches:
Dungeon (3/15)

Altars:


Innate Abilities, Weirdness & Mutations

You are tiny and cannot use many weapons and most armour.
You have supernaturally acute eyesight.
You are a herbivore.
You cover ground extremely quickly.
You need consume almost no food.


Message History

The giant gecko bites you.
* * * LOW HITPOINT WARNING * * *
You continue eating.
The giant gecko completely misses you. The giant gecko misses you.
You finish eating.
That bread ration really hit the spot!
You enter the shallow water.
Moving in this stuff is going to be slow.
You enter the shallow water.
Moving in this stuff is going to be slow.
You see here a giant cockroach corpse.
You enter the shallow water.
Moving in this stuff is going to be slow.
The giant gecko misses you.
You enter the shallow water.
Moving in this stuff is going to be slow.
You enter the shallow water.
Moving in this stuff is going to be slow.
The giant gecko misses you. The giant gecko bites you.
You die...

##### ###.∩.###
###≈≈≈.≈.≈###
##≈≈≈≈@.÷≈≈≈≈##
##≈≈..l≈≈≈≈≈.≈≈##
#..≈≈≈#####≈≈≈≈≈##
#≈≈≈###≈≈≈###≈≈≈≈#
##≈≈##≈≈≈≈≈≈≈##≈≈≈#
##≈≈##≈≈≈.≈≈≈..##≈≈##
#≈≈≈≈≈≈≈≈.J≈≈≈≈.#≈≈≈#
#≈≈.†≈#######≈††##≈≈#
#######≈###
##≈≈≈#≈≈##


You could see a giant gecko.

Vanquished Creatures
  4 adders
  13 oozes
  2 worms (D:2)
  11 giant geckos
  2 orcs (D:3)
  9 giant cockroaches
  6 goblins
  5 hobgoblins
  2 quokkas (D:3)
  6 ball pythons
  9 bats
  19 giant newts
  2 kobolds
  8 rats
98 creatures vanquished.

Notes
Turn   | Place    | Note
--------------------------------------------------------------
     0 | D:1      | juanjsm the Spriggan Enchanter began the quest for the Orb.
     0 | D:1      | Reached XP level 1. HP: 9/9 MP: 5/5
   341 | D:1      | Reached XP level 2. HP: 11/13 MP: 5/7
   345 | D:1      | Learned a level 2 spell: Ensorcelled Hibernation
   830 | D:2      | Reached XP level 3. HP: 4/16 MP: 2/8
  1349 | D:2      | Learned a level 3 spell: Confuse
  1407 | D:3      | Reached skill level 5 in Stealth
  1510 | D:3      | Reached XP level 4. HP: 21/21 MP: 6/10
  1515 | D:3      | Learned a level 3 spell: Dazzling Spray
  1661 | D:3      | Found a glowing drain.
  1670 | Sewer    | Entered a sewer
  1936 | Sewer    | Reached skill level 6 in Stealth
  1968 | Sewer    | Reached skill level 1 in Ice Magic
  2051 | Sewer    | Reached XP level 5. HP: 24/24 MP: 11/11
  2399 | Sewer    | Slain by a giant gecko

Action                   |  1- 3 |  4- 6 || total
-------------------------+-------+-------++-------
Melee: Dagger            |    90 |   168 ||   258
 Cast: Corona            |    13 |     3 ||    16
       Ensorcelled Hiber |    19 |    32 ||    51
       Confuse           |       |     1 ||     1
       Dazzling Spray    |       |     1 ||     1
 Stab: Sleeping          |    26 |    32 ||    58
  Eat: Bread ration      |       |     1 ||     1
